 Dungeon Crawl Stone Soup version 0.30.1-11-g7821555f0a (webtiles) character file.

Game seed: 6790659277427632837

105 ChrisAssaf the Sneak (level 4, -2/40 HPs)
             Began as a Naga Brigand on Dec 2, 2023.
             Was a Plaything of Xom.
             Slain by a steam dragon (8 damage)
             ... on level 3 of the Dungeon.
             The game lasted 00:04:38 (1206 turns).

ChrisAssaf the Sneak (Naga Brigand)                 Turns: 1206, Time: 00:04:39

Health: -2/40      AC:  6    Str: 13    XL:     4   Next: 81%
Magic:  4/5        EV:  9    Int: 13    God:    Xom [.*....]
Gold:   26         SH:  0    Dex: 13    Spells: 1/4 levels left

rFire   + . .        a - +2 dagger
rCold   . . .        (no shield)
rNeg    . . .        b - +2 robe
rPois   +            (no helmet)
rElec   .            c - +1 cloak
rCorr   .            (no gloves)
SInv    +            (no barding)
Will    .....        (no amulet)
Stlth   ++++         k - ring of protection from fire
HPRegen 0.26/turn    (no ring)
MPRegen 0.09/turn

%: no passive effects
@: very slow
A: AC +1, large, see invisible, deformed body, poison resistance, slowness 2,
spit poison 1, naga tail 1
a: Spit Poison, Renounce Religion


You were on level 3 of the Dungeon.
You worshipped Xom.
You were a plaything of Xom.
You visited 1 branch of the dungeon, and saw 4 of its levels.

You collected 26 gold pieces.

Inventory:

Hand Weapons
 a - a +2 dagger (weapon)
Missiles
 d - 6 poisoned darts (quivered)
 e - 3 curare-tipped darts
Armour
 b - a +2 robe (worn)
 c - a +1 cloak (worn)
Jewellery
 k - a ring of protection from fire (left hand)
Scrolls
 f - a scroll of teleportation
 j - a scroll of poison
Potions
 g - a potion of heal wounds {unknown}
 h - a potion of flight
 i - a potion of berserk rage
 l - a potion of resistance {unknown}


   Skills:
 * Level 2.3 Fighting
 * Level 2.3 Short Blades
 * Level 2.1 Throwing
 * Level 0.6 Armour
 * Level 1.1 Dodging
 * Level 7.5 Stealth
 * Level 0.7 Spellcasting
 * Level 0.1 Hexes


You had one spell level left.
You knew the following spells:

 Your Spells              Type           Power      Damage    Failure   Level
a - Tukima's Dance        Hex            0%         N/A       63%         3

Your spell library contained the following spells:

 Spells                   Type           Power      Damage    Failure   Level
 Portal Projectile        Hex/Tloc       0%         N/A       63%         3
 Vhi's Electric Charge    Tloc/Air       0%         N/A       65%         3
 Arcjolt                  Conj/Air       0%         1d10      100%        5
 Blade Hands              Tmut           0%         N/A       100%        5
 Maxwell's Capacitive Co  Air            0%         ∞         100%        8


Dungeon Overview and Level Annotations

Branches:
Dungeon (4/15)
 Temple: D:4-7

Altars:
Xom


Innate Abilities, Weirdness & Mutations

Your serpentine skin is tough. (AC +1)
You have supernaturally acute eyesight. (SInv)
Armour fits poorly on your strangely shaped body.
Your system is resistant to poisons. (rPois)
You cover ground very slowly.
You can spit poison.
You have a snake-like lower body.


Message History

You hit the hound.
The hound is heavily wounded.
The hound bites you. The hound completely misses you.
You hit the hound.
The hound is severely wounded.
The hound bites you but does no damage. The hound attacks as you move away!
The hound bites you.
The worm looks more healthy.
The hound bites you. The hound attacks as you move away!
The hound bites you but does no damage. x2
You have got your breath back.
The hound bites you but does no damage. The hound bites you.
Aiming: Spit Poison (1% risk of failure)
Press: ? - help, Shift-Dir - straight line, f/p - hound
Aim: a hound (severely wounded, 45% to hit)
The splash of poison hits the hound!
The hound is poisoned.
You kill the hound!
Unknown command.
Throw: 8 darts (poison)
Press: ? - help, Q - select action, (/) - cycle Shift-Dir - straight line, f - worm
Aim: a worm (78% to hit)
You throw a poisoned dart. The poisoned dart hits the worm.
The worm is poisoned.
Unknown command.
Throw: 7 darts (poison)
Press: ? - help, Q - select action, (/) - cycle Shift-Dir - straight line, f/p - worm
Aim: a worm (poisoned, 78% to hit)
You throw a poisoned dart. The poisoned dart hits the worm.
The worm looks even sicker.
You hit the worm.
The worm is moderately wounded.
You have got your breath back.
The worm bites you!
* * * LOW HITPOINT WARNING * * *
Xom's power touches on a nearby monster.
The worm evaporates and reforms as a steam dragon!
The steam dragon attacks as you move away!
The steam dragon bites you!
You die...
Xom laughs nastily!

#...#.#.####†##.######.##
#>..#.#.# #.##.#....#.#
#####.#.# .#.##.#.##.#.#
#(#.#..#.##.#.##.#.#
#.#<...#.##.#.##.#.#
#(#.##.#.##.#......#
#†#.. #.##.####.###
#.######.##.# #.#
#..D@.......####.#
########.........#
###########


You could see a steam dragon.

Vanquished Creatures
  A scorpion (D:3)
  A hound (D:3)
  4 ball pythons
  An endoplasm (D:2)
  3 goblins
  3 hobgoblins
  2 quokkas
  A kobold (D:3)
  2 rats
18 creatures vanquished.

Notes
Turn   | Place    | Note
-------+----------+-------------------------------------------
     0 | D:1      | ChrisAssaf the Naga Brigand began the quest for the Orb.
     0 | D:1      | Reached XP level 1. HP: 19/19 MP: 1/1
    44 | D:1      | Reached skill level 6 in Stealth
   106 | D:1      | Reached XP level 2. HP: 26/26 MP: 2/2
   134 | D:2      | Found a faded altar of an unknown god.
   163 | D:2      | Prayed at the altar of an unknown god.
   163 | D:2      | Became a worshipper of Xom the Psychopath
   512 | D:2      | XOM: silly message
   553 | D:2      | XOM: silly message
   814 | D:2      | XOM: silly message
   959 | D:3      | Noticed a scorpion
   965 | D:3      | XOM: enchant monster (bad)
   978 | D:3      | Killed a scorpion
   979 | D:3      | Reached skill level 1 in Dodging
   979 | D:3      | Reached skill level 7 in Stealth
   979 | D:3      | Reached XP level 3. HP: 16/32 MP: 3/3
   979 | D:3      | Reached XP level 4. HP: 20/39 MP: 4/4
  1069 | D:3      | Learned a level 3 spell: Tukima's Dance
  1205 | D:3      | a worm changed into a steam dragon
  1205 | D:3      | Noticed a steam dragon
  1205 | D:3      | XOM: polymorph worm -> steam dragon
  1206 | D:3      | Slain by a steam dragon

Illustrated notes

Levels and vault maps discovered:
D:1:      eino_arrival_water_cross, layout_loops_ring, serial_shops,
          nicolae_shop_gaudy_bauble, minmay_misc_feat_pillars
D:2:      layout_basic, ebering_ecumenical_altar_abandoned, hex_tiny,
          dk_vineyard_1
D:3:      layout_basic, grunt_temple_overflow_growth_and_decay
D:4:      layout_gridville, nicolae_hepliaklqana_hazy_memory,
          cheibriados_altar_1, old_standard_altar,
          nicolae_yredelemnul_corpse_copse,
          mainiacjoe_overflow_concentric_impassable,
          hangedman_decor_clover_reticule

Skill      XL: |  1  2 |
---------------+-------+-----
Stealth        | 6 7 |  7.5
Throwing       | 2 |  2.1
Dodging        | 1 |  1.1
Fighting       | |  2.3
Short Blades   | |  2.3
Armour         | |  0.6
Spellcasting   | |  0.7
Hexes          | |  0.1

Action                     |  1- 3 |  4- 6 || total
---------------------------+-------+-------++-------
  Melee: Dagger            |    21 |     8 ||    29
  Throw: Dart              |     2 |     3 ||     5
Ability: Spit Poison       |    10 |     4 ||    14
    Use: Scroll            |     8 |       ||     8
         Potion            |     3 |       ||     3
   Stab: Sleeping          |     3 |       ||     3
 Armour: Robe              |    10 |    16 ||    26
  Dodge: Dodged            |    19 |    13 ||    32
